 Dungeon Crawl Stone Soup version 0.24-a0-335-g06ca16a (webtiles) character file.

Game seed: 5373564051315152659

83 Borgoz the Twirler (level 4, 0/27 HPs)
             Began as a Gargoyle Gladiator on May 19, 2019.
             Slain by Natasha (5 damage)
             ... on level 3 of the Dungeon.
             The game lasted 00:01:49 (1812 turns).

Borgoz the Twirler (Gargoyle Gladiator)             Turns: 1812, Time: 00:01:49

Health: 0/27       AC:  9    Str: 18    XL:     4   Next: 44%
Magic:  4/4        EV: 12    Int: 11    God:
Gold:   42         SH:  0    Dex: 12    Spells: 3/3 levels left

rFire    . . .     SeeInvis .   a - +0 quarterstaff
rCold    . . .     Gourm    .   (shield currently unavailable)
rNeg     + . .     Faith    .   i - +0 ring mail
rPois    ∞         Spirit   .   (helmet restricted)
rElec    +         Reflect  .   (no cloak)
rCorr    .         Harm     .   e - -1 pair of gloves (curse)
MR       .....                  (no boots)
Stlth    ..........             (no amulet)
HPRegen  0.09/turn              (no ring)
MPRegen  0.09/turn              (no ring)

@: brilliant, slowed, very slow
A: antennae 1, hooves 1, dopey 1, mutation resistance 1, negative energy
resistance 1, electricity resistance, unbreathing, petrification resistance, rot
immunity, AC +3
a: no special abilities


You were on level 3 of the Dungeon.
You were not hungry.

You visited 1 branch of the dungeon, and saw 3 of its levels.

You collected 42 gold pieces.

Inventory:

Hand Weapons
 a - a +0 quarterstaff (weapon)
Missiles
 d - 2 throwing nets (quivered)
Armour
 c - a +0 helmet
 e - a cursed -1 pair of gloves (worn)
 i - a +0 ring mail (worn)
Scrolls
 b - a scroll of enchant armour {unknown}
 h - 2 scrolls of identify {unknown}
 j - a scroll of remove curse {unknown}
 k - 4 scrolls of teleportation {unknown}
 n - a scroll of blinking {unknown}
Potions
 g - a potion of curing
Comestibles
 f - 8 rations
 o - 2 chunks of flesh


   Skills:
 + Level 2.8 Fighting
 * Level 3.7 Staves
 - Level 1.7 Throwing
 + Level 1.5 Armour
 * Level 3.1 Dodging


You had 3 spell levels left.
You didn't know any spells.
Your spell library contained the following spells:

 Spells                   Type           Power        Failure   Level  Hunger
 Magic Dart               Conj           #...         8%          1    ##.....
 Blink                    Tloc           N/A          11%         2    ###....
 Call Imp                 Summ           #.......     11%         2    ###....
 Slow                     Hex            #.......     11%         2    ###....
 Conjure Flame            Conj/Fire      #.......     19%         3    ####...
 Mephitic Cloud           Conj/Pois/Air  #.......     19%         3    ####...


Dungeon Overview and Level Annotations

Branches:
Dungeon (3/15)

Altars:

Annotations:
D:3 Natasha


Innate Abilities, Weirdness & Mutations

You are resistant to torment.
Your stone body is resilient. (AC +3)
You are immune to poison.
You resist negative energy. (rN+)
You are resistant to electric shocks. (rElec)
You can survive without breathing.
You are immune to petrification.
You are immune to rotting.
You have a pair of small antennae on your head.
You have large cloven feet.
You are dopey. (Int -2)
You are somewhat resistant to further mutation.


Message History

The hobgoblin barely misses you. The crimson imp hits you.
You hit Natasha. You kick Natasha.
Natasha is severely wounded.
The rat bites you but does no damage. The shadow imp barely misses you.
Natasha claws you.
* * * LOW HITPOINT WARNING * * *
The hobgoblin hits you but does no damage.
The crimson imp blinks!
The rat bites you but does no damage.
The shadow imp hits you but does no damage.
Natasha barely misses you. The hobgoblin closely misses you.
Some of the chunks of flesh in your inventory have rotted away.
You closely miss Natasha. You kick Natasha, but do no damage.
Natasha is severely wounded.
The rat bites you but does no damage.
The white imp hits you but does no damage.
The shadow imp gestures at you. Pain shoots through your body!
* * * LOW HITPOINT WARNING * * *
Natasha claws you.
You die...

#######.###.###########
.................>.....#
#....###.###.#########.#
#... #.# #.# #.# #...$
#.###.#########.#
#....###.....(..........
#............#########.#
#............# #.#
#.....g@h$.5(# #.#
......5r5....# #.#
#.###........# #####.#
#...<....... ...#.#
##.###.#...#.###.#.# #.
#. .#.#.........# .. #.#
#. .# #.#.###.### .. #.#
#. .# # #.# #.# #.#
###.###


You could see Natasha, a crimson imp, a white imp, a shadow imp, a hobgoblin and
a rat.

Vanquished Creatures
  Natasha (D:3)
  An adder (D:2)
  A worm (D:2)
  2 dart slugs (D:1)
  3 leopard geckos
  An orc (D:3)
  4 bats
  2 giant cockroaches
  3 goblins
  3 hobgoblins
  3 jackals (D:2)
  2 quokkas
  2 ball pythons (D:1)
  5 kobolds
  5 rats
38 creatures vanquished.

Notes
Turn   | Place    | Note
-------+----------+-------------------------------------------
     0 | D:1      | Borgoz the Gargoyle Gladiator began the quest for the Orb.
     0 | D:1      | Reached XP level 1. HP: 12/12 MP: 1/1
   243 | D:1      | Reached XP level 2. HP: 18/18 MP: 2/2
  1026 | D:2      | Reached skill level 1 in Armour
  1040 | D:2      | Reached XP level 3. HP: 22/22 MP: 3/3
  1672 | D:2      | You fall through a shaft!
  1780 | D:3      | Noticed Natasha
  1794 | D:3      | Killed Natasha
  1794 | D:3      | Reached XP level 4. HP: 19/27 MP: 4/4
  1798 | D:3      | Noticed Natasha
  1808 | D:3      | Gained mutation: You are dopey. (Int -2) [potion of
                  | mutation]
  1808 | D:3      | Gained mutation: You have a pair of small antennae on your
                  | head. [potion of mutation]
  1808 | D:3      | Gained mutation: You have large cloven feet. [potion of
                  | mutation]
  1808 | D:3      | Gained mutation: You are somewhat resistant to further
                  | mutation. [potion of mutation]
  1812 | D:3      | Slain by Natasha

Levels and vault maps discovered:
D:1:      zelgadis_glass_arrival_small, layout_loops_corners,
          corexii_hall_statues_deadend, minmay_misc_feat_alley, minivault_23
D:2:      layout_loops_corners, first_ration
D:3:      layout_basic, uniq_natasha

Skill      XL: |  1  2  3 |
---------------+----------+-----
Armour         | 1 |  1.5
Dodging        | 3 |  3.1
Fighting       | |  2.8
Staves         | |  3.7
Throwing       | |  1.7

Action                   |  1- 3 |  4- 6 || total
-------------------------+-------+-------++-------
Melee: Quarterstaff      |   105 |    10 ||   115
       Kick              |       |     2 ||     2
Throw: Throwing net      |       |     1 ||     1
  Use: Potion            |       |     4 ||     4
  Eat: Chunk             |     3 |       ||     3
Armor: Leather armour    |     7 |       ||     7
       Ring mail         |    52 |    12 ||    64
Dodge: Dodged            |    67 |    28 ||    95

Table legend:
 A = Non-vault XP
 B = Vault XP
 C = Vault XP percentage of total XP
 D = Non-vault monster count
 E = Vault monster count
 F = Vault count percentage of total count
                 A         B        C        D         E       F
            +---------+---------+-------+---------+---------+-------
      Total |      84 |      35 |  29.4 |      37 |       1 |   2.6
            +---------+---------+-------+---------+---------+-------
        D:1 |      31 |       0 |   0.0 |      17 |       0 |   0.0
        D:2 |      43 |       0 |   0.0 |      15 |       0 |   0.0
        D:3 |      10 |      35 |  77.8 |       5 |       1 |  16.7
            +---------+---------+-------+---------+---------+-------
